 Dungeon Sprint DCSS version 0.21.2 (webtiles) character file.

14400000 Fang the Conqueror (level 27, -52/245 (249) HPs)
             Began as a Demonspawn Gladiator on Feb 7, 2019.
             Was the Champion of Makhleb.
             Annihilated by a destroyer
             ... wielding a +9 great sword of slicing
              (149 damage)
             ... in the Dungeon (Sprint VIII: "Arena of Blood").
             The game lasted 00:02:51 (144 turns).

Fang the Conqueror (Demonspawn Gladiator)            Turns: 144, Time: 00:02:51

HP:   -52/245 (249) AC:  8    Str: 24    XL:     27
MP:   54/54         EV: 32    Int: 12    God:    Makhleb [******]
Gold: 0             SH:  8    Dex: 16    Spells: 80/80 levels left

rFire    . . .     SeeInvis .   l - +∞ Axe of Woe
rCold    + . .     Gourm    .   (shield currently unavailable)
rNeg     . . .     Faith    .   b - +0 leather armour
rPois    .         Spirit   .   c - +0 helmet
rElec    .         Reflect  .   (no cloak)
rCorr    .         Harm     .   (no gloves)
MR       ++...     NoTele   +   (boots unavailable)
Stlth    +++++++++.             (no amulet)
HPRegen  10.50/turn             (no ring)
MPRegen  0.34/turn              (no ring)

@: slowed, very slow
A: talons 3, large bone plates 3, cold resistance 1, demonic guardian 3, passive
freeze, powered by death 3, freezing cloud immunity
a: Minor Destruction, Lesser Servant of Makhleb, Major Destruction, Greater
Servant of Makhleb, Renounce Religion


You were in the Dungeon.
You worshipped Makhleb.
Makhleb was exalted by your worship.
You were not hungry.

You visited 1 branch

Inventory:

Hand Weapons
 a - a +0 war axe
 l - the +∞ Axe of Woe (weapon)
   (You found it in the Dungeon)
Missiles
 d - 3 throwing nets (quivered)
Armour
 b - a +0 leather armour (worn)
 c - a +0 helmet (worn)
Scrolls
 k - a scroll of blinking
Potions
 e - a potion of curing
 g - a potion of heal wounds
 h - a potion of haste
 i - 2 potions of magic
 j - a potion of berserk rage
Comestibles
 f - a ration


   Skills:
 O Level 27 Fighting
 O Level 27 Axes
 O Level 27 Throwing
 O Level 27 Armour
 O Level 27 Dodging
 O Level 27 Stealth
 O Level 27 Unarmed Combat
 O Level 27 Spellcasting
 O Level 27 Invocations


You had 80 spell levels left.
You didn't know any spells.

Dungeon Overview and Level Annotations

Branches:
Dungeon (1/1)

Altars:
Makhleb


Innate Abilities, Weirdness & Mutations

You have claws for feet.
You are completely covered in large bone plates. (SH +8)
Your flesh is cold resistant. (rC+)
A powerful demonic guardian rushes to your aid.
A frigid envelope surrounds you and freezes all who hurt you.
You regenerate a lot of health from kills.
You are immune to freezing clouds.


Message History

The dread is very cold.
The dread is lightly damaged.
A meat berserker comes into view. It is wielding a +9 battleaxe.
Unknown command. ------------------------------------------------------------------------------ ------------------------------------------------------------------------------ -- The Meatlord has descended... -- ------------------------------------------------------------------------------ ------------------------------------------------------------------------------ You hear a shout! x4
The meat berserker hits you with a +9 battleaxe!!
The meat berserker is very cold.
The meat berserker is heavily wounded.
The meat berserker hits your reaper with a +9 battleaxe!!
The accursed gestures at you while chanting.
Something smites you!
The dread calls on the powers of darkness!
The scourge convulses!
The bag of meat convulses! x4
Your body is wracked with pain!
Your reaper is smitten.
You hear a shout!
The destroyer hits you with a +9 great sword of slicing!!!!!
Ouch! That really hurt!
You die...

..... ..X #%......#
.V #... ...# .
.o.###... .%.###..o
....%%.%###........
#...V.))%_).L..{XW.
O #)2)))# .... ...
#_O<§_# o...X
...o.#o@V)%#...WXX
#..WXSoW)_)))......
..oo%.oz###)).%.%..
.Mz###... §..###...
Xz #.......# ..
#O%...D.# .........
......%....
.....%.....


You could see an accursed, a tyrant, a destroyer, a scourge, 3 sculptors of
flesh, a large abomination, 2 dreads, 2 meat berserkers, 5 bags of meat and a
friendly reaper.

Vanquished Creatures
  8 hell knights (D)
  7 hell beasts (D)
  Edmund (D)
  5 greater mummies (D)
  3 great orbs of eyes (D)
  4 wraiths (D)
  25 vampire knights (D)
  49 ogres (D)
  9 two-headed ogres (D)
  4 liches (D)
  2 hydras (D)
  78 orcs (D)
  4 phantoms (D)
  5 skeletal warriors (D)
  2 sea snakes (D)
  8 large abominations (D)
  13 small abominations (D)
  19 crawling corpses (D)
246 creatures vanquished.

Vanquished Creatures (collateral kills)
  An orc (D)
  2 crawling corpses (D)
3 creatures vanquished.

Vanquished Creatures (others)
  Harold (D)
  A two-headed ogre (D)
  2 orcs (D)
  10 crawling corpses (D)
14 creatures vanquished.

Grand Total: 263 creatures vanquished

Notes
Turn   | Place    | Note
-------+----------+-------------------------------------------
     0 | D        | Found the +∞ Axe of Woe
     0 | D        | Fang the Demonspawn Gladiator began the quest for the Orb.
     0 | D        | Reached XP level 1. HP: 16/16 MP: 1/1
     3 | D        | Noticed a bag of meat
     4 | D        | Noticed a bag of meat
     4 | D        | Became a worshipper of Makhleb the Destroyer
     5 | D        | Noticed a bag of meat
     6 | D        | Noticed a bag of meat
     6 | D        | Noticed a bag of meat
     6 | D        | Noticed a bag of meat
     7 | D        | Noticed a meat berserker
     7 | D        | Noticed a meat berserker
     7 | D        | Noticed a bag of meat
     8 | D        | Noticed a meat berserker
    10 | D        | Noticed a bag of meat
    10 | D        | Killed a meat berserker
    10 | D        | Reached skill level 15 in Axes
    10 | D        | Reached skill level 15 in Throwing
    10 | D        | Reached skill level 15 in Dodging
    10 | D        | Gained mutation: You regenerate a little health from kills. [demonic ancestry]
    10 | D        | Reached XP level 2. HP: 46/46 MP: 2/2
    10 | D        | Reached XP level 3. HP: 52/52 MP: 3/3
    10 | D        | Reached XP level 4. HP: 59/59 MP: 4/4
    10 | D        | Reached XP level 5. HP: 66/66 MP: 5/5
    10 | D        | Reached XP level 6. HP: 73/73 MP: 6/6
    10 | D        | Gained mutation: You have sharp toenails. [demonic ancestry]
    10 | D        | Reached XP level 7. HP: 79/79 MP: 7/7
    10 | D        | Gained mutation: A weak demonic guardian rushes to your aid. [demonic ancestry]
    10 | D        | Reached XP level 8. HP: 86/86 MP: 8/8
    10 | D        | Gained mutation: You regenerate health from kills. [demonic ancestry]
    10 | D        | Reached XP level 9. HP: 92/92 MP: 9/9
    10 | D        | Reached XP level 10. HP: 100/100 MP: 10/10
    10 | D        | Gained mutation: You have razor-sharp toenails. [demonic ancestry]
    10 | D        | Reached XP level 11. HP: 106/106 MP: 11/11
    10 | D        | Gained mutation: You have claws for feet. [demonic ancestry]
    10 | D        | Reached XP level 12. HP: 113/113 MP: 12/12
    10 | D        | Gained mutation: You are partially covered in large bone plates. (SH +4) [demonic ancestry]
    10 | D        | Reached XP level 13. HP: 119/119 MP: 13/13
    10 | D        | Killed a bag of meat
    10 | D        | Reached * piety under Makhleb
    10 | D        | Killed a meat berserker
    10 | D        | Gained mutation: You are mostly covered in large bone plates. (SH +6) [demonic ancestry]
    10 | D        | Reached XP level 14. HP: 136/136 MP: 14/14
    10 | D        | Noticed a bag of meat
    10 | D        | Noticed a bag of meat
    11 | D        | Noticed a meat berserker
    11 | D        | Killed a bag of meat
    11 | D        | Gained mutation: A demonic guardian rushes to your aid. [demonic ancestry]
    11 | D        | Reached XP level 15. HP: 139/144 MP: 15/15
    11 | D        | Reached ** piety under Makhleb
    11 | D        | Killed a meat berserker
    11 | D        | Gained mutation: Your flesh is cold resistant. (rC+) [demonic ancestry]
    11 | D        | Reached XP level 16. HP: 157/157 MP: 16/16
    12 | D        | Killed a meat berserker
    12 | D        | Reached *** piety under Makhleb
    12 | D        | Gained mutation: A powerful demonic guardian rushes to your aid. [demonic ancestry]
    12 | D        | Reached XP level 17. HP: 169/169 MP: 17/17
    13 | D        | Noticed a meat berserker
    13 | D        | Noticed a meat berserker
    14 | D        | Reached **** piety under Makhleb
    14 | D        | Reached skill level 27 in Fighting
    15 | D        | Gained mutation: You regenerate a lot of health from kills. [demonic ancestry]
    15 | D        | Reached XP level 18. HP: 182/182 MP: 18/18
    16 | D        | Noticed a large bag of meat
    16 | D        | Killed a meat berserker
    16 | D        | Reached skill level 27 in Axes
    16 | D        | Reached skill level 27 in Throwing
    16 | D        | Reached skill level 27 in Dodging
    16 | D        | Reached skill level 10 in Stealth
    17 | D        | Noticed a meat berserker
    17 | D        | Killed a meat berserker
    17 | D        | Reached ***** piety under Makhleb
    17 | D        | Reached XP level 19. HP: 189/189 MP: 19/19
    22 | D        | Killed a meat berserker
    22 | D        | Gained mutation: You are completely covered in large bone plates. (SH +8) [demonic ancestry]
    22 | D        | Reached XP level 20. HP: 197/197 MP: 20/20
    24 | D        | Noticed a destroyer
    24 | D        | Killed a large bag of meat
    24 | D        | Reached skill level 27 in Armour
    24 | D        | Reached skill level 27 in Stealth
    25 | D        | Noticed a meat berserker
    25 | D        | Noticed a destroyer
    25 | D        | Noticed a destroyer
    26 | D        | Noticed a large bag of meat
    27 | D        | Killed a destroyer
    27 | D        | Reached XP level 21. HP: 204/204 MP: 21/21
    27 | D        | Reached ****** piety under Makhleb
    28 | D        | Noticed a destroyer
    28 | D        | Noticed a large bag of meat
    29 | D        | Killed a destroyer
    29 | D        | Reached skill level 27 in Unarmed Combat
    30 | D        | Noticed a destroyer
    30 | D        | Noticed a destroyer
    31 | D        | Noticed a large bag of meat
    31 | D        | Killed a destroyer
    31 | D        | Reached XP level 22. HP: 212/212 MP: 21/52
    31 | D        | Reached skill level 27 in Spellcasting
    33 | D        | Killed a large bag of meat
    33 | D        | Reached skill level 27 in Invocations
    34 | D        | Killed a large bag of meat
    34 | D        | Gained mutation: You are immune to freezing clouds. [demonic ancestry]
    34 | D        | Reached XP level 23. HP: 219/219 MP: 22/54
    37 | D        | Reached XP level 24. HP: 227/227 MP: 23/54
    38 | D        | Killed a large bag of meat
    40 | D        | Reached XP level 25. HP: 231/234 MP: 23/54
    41 | D        | Noticed a destroyer
    41 | D        | Killed a destroyer
    43 | D        | Noticed a destroyer
    44 | D        | Killed a destroyer
    44 | D        | Reached XP level 26. HP: 242/242 MP: 24/54
    46 | D        | Killed a destroyer
    46 | D        | Gained mutation: A frigid envelope surrounds you and freezes all who hurt you. [demonic ancestry]
    46 | D        | Reached XP level 27. HP: 249/249 MP: 25/54
    49 | D        | Killed a destroyer
    50 | D        | Noticed a destroyer
    50 | D        | Noticed an accursed
    50 | D        | Noticed a destroyer
    51 | D        | Killed a destroyer
    51 | D        | Killed a destroyer
    51 | D        | Killed a destroyer
    52 | D        | Noticed a destroyer
    53 | D        | Noticed a destroyer
    53 | D        | Killed an accursed
    55 | D        | Noticed an accursed
    55 | D        | Killed an accursed
    56 | D        | Noticed a tyrant
    56 | D        | Noticed a large bag of meat
    58 | D        | Noticed a destroyer
    59 | D        | Killed a large bag of meat
    60 | D        | Noticed a destroyer
    61 | D        | Killed a destroyer
    61 | D        | Killed a destroyer
    61 | D        | Killed a destroyer
    62 | D        | Killed a tyrant
    63 | D        | Noticed a destroyer
    63 | D        | Killed a destroyer
    64 | D        | Noticed a destroyer
    64 | D        | Killed a destroyer
    65 | D        | Killed a destroyer
    66 | D        | Noticed a dread
    67 | D        | Noticed an accursed
    67 | D        | Noticed a destroyer
    69 | D        | Killed a destroyer
    71 | D        | Noticed a destroyer
    75 | D        | Killed a destroyer
    77 | D        | Noticed a destroyer
    78 | D        | Noticed a large bag of meat
    78 | D        | Killed a dread
    80 | D        | Noticed The Servant
    80 | D        | Noticed a tyrant
    81 | D        | Noticed a meat beast
    81 | D        | Noticed a dread
    82 | D        | Killed a destroyer
    84 | D        | Noticed a large bag of meat
    84 | D        | Killed a large bag of meat
    85 | D        | Noticed a meat beast
    85 | D        | Noticed a dread
    85 | D        | Killed a meat beast
    89 | D        | Killed a meat beast
    93 | D        | Noticed a meat beast
    93 | D        | Noticed a large bag of meat
    94 | D        | Killed a large bag of meat
    94 | D        | Killed The Servant
    95 | D        | Noticed a meat beast
    97 | D        | Killed a tyrant
    98 | D        | Noticed a meat beast
   100 | D        | Noticed an accursed
   100 | D        | Noticed a large bag of meat
   100 | D        | Noticed a destroyer
   101 | D        | Noticed The Defiler
   101 | D        | Killed a meat beast
   102 | D        | Noticed a large bag of meat
   102 | D        | Killed a meat beast
   103 | D        | Noticed a destroyer
   103 | D        | Noticed a meat beast
   103 | D        | Noticed a tyrant
   104 | D        | Noticed a tyrant
   104 | D        | Killed a large bag of meat
   104 | D        | Killed a destroyer
   105 | D        | Killed an accursed
   105 | D        | Killed a dread
   107 | D        | Noticed a dread
   107 | D        | Killed The Defiler
   108 | D        | Killed an accursed
   108 | D        | Killed a destroyer
   110 | D        | Noticed a destroyer
   110 | D        | Noticed a destroyer
   110 | D        | Noticed an accursed
   110 | D        | Killed a dread
   115 | D        | Killed a dread
   117 | D        | Killed a destroyer
   118 | D        | Killed a tyrant
   119 | D        | Killed an accursed
   123 | D        | Noticed a fleshlord
   123 | D        | Killed a large bag of meat
   123 | D        | Killed a large bag of meat
   124 | D        | Noticed a destroyer
   126 | D        | Killed a destroyer
   127 | D        | Noticed a tyrant
   127 | D        | Noticed a fleshlord
   127 | D        | Noticed a fleshlord
   127 | D        | Noticed a fleshlord
   127 | D        | Noticed a large bag of meat
   127 | D        | Noticed a dread
   128 | D        | Noticed a meat beast
   128 | D        | Noticed a destroyer
   128 | D        | Noticed a dread
   128 | D        | Killed a fleshlord
   129 | D        | Noticed a fleshlord
   129 | D        | Noticed a fleshlord
   129 | D        | Noticed a tyrant
   129 | D        | Killed a fleshlord
   130 | D        | Noticed a fleshlord
   131 | D        | Noticed a fleshlord
   131 | D        | Killed a meat beast
   132 | D        | Killed a destroyer
   133 | D        | Noticed a meat beast
   133 | D        | Killed a fleshlord
   134 | D        | Killed a fleshlord
   135 | D        | Killed a fleshlord
   135 | D        | Killed a fleshlord
   137 | D        | Noticed a meat beast
   138 | D        | Killed a tyrant
   138 | D        | Killed a destroyer
   139 | D        | Noticed an accursed
   139 | D        | Killed a meat beast
   139 | D        | Killed a fleshlord
   140 | D        | Noticed a destroyer
   140 | D        | Killed a meat beast
   140 | D        | Killed a fleshlord
   144 | D        | Annihilated by a destroyer

Skill      XL: |  1  2  3  4  5  6  7  8  9 10 11 12 13 14 15 16 17 18 19 20 21 22 |
---------------+-------------------------------------------------------------------+-----
Fighting       | 16 20 21 23 25 27 | 27.0
Axes           | 15 19 22 23 26 27 | 27.0
Throwing       | 15 19 22 23 26 27 | 27.0
Dodging        | 15 19 22 23 26 27 | 27.0
Armour         | 17 24 27 | 27.0
Stealth        | 19 26 27 | 27.0
Unarmed Combat | 24 27 | 27.0
Spellcasting   | 26 27 | 27.0
Invocations    | 27 | 27.0

Action                   |  1- 3 |  4- 6 |  7- 9 | 10-12 | 13-15 | 16-18 | 19-21 | 22-24 | 25-27 || total
-------------------------+-------+-------+-------+-------+-------+-------+-------+-------+-------++-------
Melee: Executioner's axe |     1 |       |       |       |     1 |     5 |     7 |     7 |    86 ||   107
 Stab: Distracted        |       |       |       |       |       |       |       |       |     1 ||     1
Armor: Leather armour    |       |       |       |       |       |       |       |       |     1 ||     1
Dodge: Dodged            |       |       |       |       |       |     1 |     3 |     3 |    17 ||    24
Block: Other             |       |       |       |       |       |       |     3 |       |     6 ||     9
